 Dungeon Crawl Stone Soup version 0.31-a0-198-g2ad674f65e (webtiles) character file.

Game seed: 441260593885044075

10879 qw the Markself (level 11, -14/73 HPs)
             Began as a Deep Elf Hunter on June 25, 2023.
             Was a Follower of Okawaru.
             Demolished by a blink frog (15 damage)
             ... on level 2 of the Lair of Beasts.
             The game lasted 00:03:31 (9067 turns).

qw the Markself (Deep Elf Hunter)                   Turns: 9067, Time: 00:03:31

Health: -14/73     AC:  9    Str: 12    XL:     11   Next: 42%
Magic:  15/16      EV: 25    Int: 15    God:    Okawaru [*.....]
Gold:   337        SH:  0    Dex: 18    Spells: 10/10 levels left

rFire   . . .        Y - +0 longbow (elec)
rCold   . . .        (shield currently unavailable)
rNeg    . . .        g - +1 ring mail
rPois   .            m - +1 helmet
rElec   .            (no cloak)
rCorr   .            (no gloves)
SInv    +            (no boots)
Will    +....        (no amulet)
Stlth   +++          j - ring of see invisible
HPRegen 0.32/turn    e - +5 ring of evasion
MPRegen 0.15/turn

%: no passive effects
@: heroic
A: no striking features
a: Renounce Religion, Heroism


You were on level 2 of the Lair of Beasts.
You worshipped Okawaru.
Okawaru was aware of your devotion.
You visited 3 branches of the dungeon, and saw 11 of its levels.

You collected 683 gold pieces.
You spent 346 gold pieces at shops.


   Skills:
 - Level 10.7(15.7) Fighting
 + Level 16.0(21.0) Ranged Weapons
 - Level 1.1(6.1) Armour
 - Level 11.5(16.5) Dodging
 - Level 1.2(6.2) Stealth
 - Level 4.0 Invocations


You had 10 spell levels left.
You didn't know any spells.
Your spell library was empty.

Inventory:

Hand Weapons
 Y - a +0 longbow of electrocution (weapon)
Armour
 g - a +1 ring mail (worn)
 m - a +1 helmet (worn)
Jewellery
 a - a +6 ring of strength
 e - a +5 ring of evasion (right hand)
 i - a +4 ring of protection
 j - a ring of see invisible (left hand)
 l - a ring of ice
Scrolls
 c - 2 scrolls of identify
Potions
 b - a potion of resistance
 d - 5 potions of curing
 f - a potion of might
 h - a potion of haste
 k - a potion of enlightenment
 o - a potion of mutation

Dungeon Overview and Level Annotations

Branches:
Dungeon (8/15)             Temple (1/1) D:5            Lair (2/5) D:8
  Swamp: Lair:2-3    Shoals: Lair:2-3     Snake: Lair:2-3    Spider: Lair:2-3

Altars:
Ashenzari
Cheibriados
Dithmenos
Fedhas
Gozag
Hepliaklqana
Kikubaaqudgha
Makhleb
Nemelex Xobeh
Okawaru
Qazlal
Ru
Sif Muna
Trog
Uskayaw
Vehumet
Wu Jian
Yredelemnul
The Shining One

Shops:
D:5 *   D:8 [

Annotations:
D:8 1 runed translucent door, qw's ghost, novice DEHu


Message History

The black bear barely misses you. The black bear misses you. x2
The blink frog misses you. The wolf bites you. The wolf barely misses you.
The wolf completely misses you. The black bear bites you.
The black bear misses you. The black bear closely misses you.
9062 ||| DRINKING potion of heal wounds.
You feel much better.
The blink frog hits you but does no damage.
The wolf completely misses you. The wolf misses you. The blink frog hits you!
The wolf completely misses you. The black bear bites you!
The black bear completely misses you. x2; The blink frog barely misses you.
The wolf completely misses you. The wolf bites you.
You shoot an arrow. The arrow barely misses the black bear.
The arrow hits the wolf.
The wolf is lightly wounded.
The wolf completely misses you. The blink frog hits you.
The blink frog blinks!
The black bear closely misses you. The black bear barely misses you.
The black bear completely misses you. The wolf barely misses you.
The wolf misses you. The blink frog misses you. The wolf closely misses you.
You shoot an arrow.
The arrow closely misses the black bear.
The arrow hits the wolf but does no damage.
The wolf is lightly wounded.
The black bear completely misses you. The black bear barely misses you.
The black bear completely misses you. The wolf misses you. x2
The wolf completely misses you. The blink frog closely misses you.
You shoot an arrow. The arrow hits the black bear!
You kill the black bear!
Okawaru accepts your kill. The wolf misses you. The wolf closely misses you.
The wolf barely misses you. The blink frog completely misses you.
The wolf completely misses you. The wolf bites you but does no damage.
The wolf closely misses you.
Your base Ranged Weapons skill increases to level 16!
You shoot an arrow. The arrow barely misses the wolf.
The arrow hits the wolf!!
The wolf is almost dead.
The wolf closely misses you. The blink frog misses you. The wolf bites you.
The wolf completely misses you. The wolf bites you.
You shoot an arrow. The arrow hits the wolf!
The wolf is severely wounded.
The wolf closely misses you. The blink frog hits you!
You die...

....... ... ....... #.
... ....... ... #.#
....... ...####.## F....
....#....##hh.#
###..#.....#Fhh.#...
#P...#.....#@hh.....
#.........'hh.....>
##..##....##F......
#...##....##.......
#P.............#...
##...##.#+.#.......
#..####..#....#.##
###................
#.......................


You could see 3 blink frogs and 8 wolves.

Vanquished Creatures
  3 cane toads (Lair:1)
  A kobold demonologist (D:8)
  5 blink frogs (Lair:2)
  Sigmund (D:4)
  2 wyverns (D:8)
  7 yaks
  2 steam dragons (D:8)
  4 basilisks
  Grum (D:8)
  An acid dragon (D:8)
  2 water moccasins
  2 sky beasts
  An ice beast (D:7)
  An orc warrior (D:8)
  3 black bears
  7 wolves
  A centaur (D:7)
  A phantom (D:4)
  3 bullfrogs
  A gnoll sergeant (D:7)
  A kobold brigand (D:8)
  3 scorpions
  5 wights (D:8)
  6 killer bees (D:8)
  2 electric eels (Lair:1)
  3 hounds (D:5)
  3 jellies
  2 gnoll boudas
  2 orc priests
  An iguana (D:6)
  5 orc wizards
  18 gnolls
  7 adders
  3 white imps
  2 ufetubi
  2 worms
  3 dart slugs
  12 orcs
  9 bats
  10 endoplasms
  3 giant cockroaches (D:1)
  3 goblins
  10 hobgoblins
  13 kobolds
  5 quokkas
  11 ball pythons
  5 frilled lizards
  A rat (D:3)
199 creatures vanquished.

Notes
Turn   | Place    | Note
-------+----------+-------------------------------------------
     0 | D:1      | qw the Deep Elf Hunter began the quest for the Orb.
     0 | D:1      | Reached XP level 1. HP: 12/12 MP: 3/3
     0 | D:1      | 0 ||| qw: Version: 0.3-a-22-g0ed2b0b
     0 | D:1      | 0 ||| qw: Game counter: 5046
     0 | D:1      | 0 ||| qw: Melee chars always use a shield: true
     0 | D:1      | 0 ||| qw: God list: Okawaru
     0 | D:1      | 0 ||| qw: Allow faded altars: false
     0 | D:1      | 0 ||| qw: Do Orc after clearing Dungeon:15 true
     0 | D:1      | 0 ||| qw: Do second Lair branch before Depths: true
     0 | D:1      | 0 ||| qw: Lair rune preference: random
     0 | D:1      | 0 ||| qw: Goals: Normal
     0 | D:1      | 0 ||| PLANNING D:1-11
    71 | D:1      | 71 ||| FLEEEEING.
    74 | D:1      | 74 ||| FLEEEEING.
    75 | D:1      | 75 ||| FLEEEEING.
    77 | D:1      | 77 ||| FLEEEEING.
    78 | D:1      | 78 ||| FLEEEEING.
    79 | D:1      | 79 ||| FLEEEEING.
    81 | D:1      | 81 ||| FLEEEEING.
    82 | D:1      | 82 ||| FLEEEEING.
    83 | D:1      | 83 ||| FLEEEEING.
    84 | D:1      | 84 ||| FLEEEEING.
    98 | D:1      | Reached XP level 2. HP: 16/16 MP: 4/4
   143 | D:1      | Reached skill level 6 in Ranged Weapons
   267 | D:1      | Found a faded altar of an unknown god.
   380 | D:1      | Reached XP level 3. HP: 20/20 MP: 5/5
   934 | D:1      | 934 ||| READING 2 scrolls labelled ULIOXY ZAMUPS.
   935 | D:1      | 935 ||| READING scroll labelled WIRUQO XAAKA.
   936 | D:1      | 936 ||| READING scroll labelled ERITAU ENUOLU.
   937 | D:1      | 937 ||| DRINKING 2 clear potions.
   938 | D:1      | 938 ||| DROPPING scroll of butterflies.
   988 | D:2      | Reached skill level 7 in Ranged Weapons
  1088 | D:2      | Found a hide-covered altar of Uskayaw.
  1234 | D:2      | Reached XP level 4. HP: 25/25 MP: 6/6
  1268 | D:2      | HP: 5/25 [poisoned by an adder]
  1272 | D:2      | HP: 2/25 [poisoned by an adder]
  1652 | D:2      | 1652 ||| UPGRADING to +0 ring mail.
  1662 | D:2      | 1662 ||| DROPPING +0 leather armour.
  1663 | D:2      | 1663 ||| READING scroll of enchant armour.
  1663 | D:2      | 1663 ||| ENCHANTING +0 ring mail.
  1664 | D:2      | 1664 ||| UPGRADING to ring of see invisible.
  1665 | D:2      | 1665 ||| READING scroll labelled UZEUTT YSCHATU.
  1666 | D:2      | 1666 ||| READING scroll labelled LUOPLI UR NORPH.
  1667 | D:2      | 1667 ||| DRINKING 2 metallic pink potions.
  1668 | D:2      | 1668 ||| DRINKING 2 grey potions.
  1708 | D:3      | Reached skill level 8 in Ranged Weapons
  1994 | D:3      | Found a hide-covered altar of Uskayaw.
  2107 | D:3      | Reached XP level 5. HP: 27/29 MP: 7/7
  2308 | D:3      | 2308 ||| UPGRADING to +5 ring of evasion.
  2309 | D:3      | 2309 ||| DRINKING 2 sedimented orange potions.
  2310 | D:3      | 2310 ||| READING 2 scrolls of identify.
  2310 | D:3      | 2310 ||| IDENTIFYING orange potion
  2311 | D:3      | 2311 ||| DROPPING potion of degeneration.
  2312 | D:3      | 2312 ||| DROPPING potion of lignification.
  2498 | D:4      | Noticed a phantom
  2515 | D:4      | Killed a phantom
  2516 | D:4      | Reached skill level 9 in Ranged Weapons
  2639 | D:4      | Found a broken altar of Ashenzari.
  2758 | D:4      | Reached XP level 6. HP: 34/35 MP: 8/8
  2868 | D:4      | HP: 7/35 [orc wizard/magic dart (3)]
  2876 | D:4      | HP: 5/35 [orc wizard/+0 whip (3)]
  2879 | D:4      | HP: 2/35 [kobold/+0 dagger (1)]
  3249 | D:4      | Noticed Sigmund
  3261 | D:4      | Killed Sigmund
  3262 | D:4      | Reached skill level 10 in Ranged Weapons
  3262 | D:4      | Reached XP level 7. HP: 32/40 MP: 9/9
  3354 | D:4      | 3354 ||| DRINKING 2 fizzy pink potions.
  3365 | D:5      | Entered Level 5 of the Dungeon
  3380 | D:5      | Reached skill level 3 in Dodging
  3428 | D:5      | Found a stormy altar of Qazlal.
  3448 | D:5      | Reached skill level 11 in Ranged Weapons
  3550 | D:5      | 3550 ||| FLEEEEING.
  3604 | D:5      | Found Liocs's Assorted Antiques.
  3615 | D:5      | 3615 ||| BUYING knobbly agate ring (160 gold).
  3615 | D:5      | Bought a knobbly agate ring for 160 gold pieces
  3615 | D:5      | 3615 ||| BUYING scroll labelled YNKEMPOREGG (32 gold).
  3615 | D:5      | Bought a scroll labelled YNKEMPOREGG for 32 gold pieces
  3615 | D:5      | 3615 ||| BUYING scroll labelled YNKEMPOREGG (32 gold).
  3615 | D:5      | Bought a scroll labelled YNKEMPOREGG for 32 gold pieces
  3615 | D:5      | 3615 ||| SHOPLISTING scroll of identify (64 gold, have 10).
  3705 | D:5      | Reached skill level 12 in Ranged Weapons
  3705 | D:5      | Found a staircase to the Ecumenical Temple.
  3706 | D:5      | 3706 ||| PLANNING TEMPLE
  3706 | D:5      | 3706 ||| READING scroll labelled RAUTUTHR UJATASK.
  3709 | D:5      | 3709 ||| READING 2 scrolls labelled YNKEMPOREGG.
  3710 | D:5      | 3710 ||| DROPPING scroll of immolation.
  3765 | Temple   | Entered the Ecumenical Temple
  3948 | Temple   | 3948 ||| PLANNING D:1-11
  4102 | D:5      | Found a radiant altar of Vehumet.
  4226 | D:5      | 4226 ||| UPGRADING to +0 helmet.
  4231 | D:5      | 4231 ||| READING scroll labelled NACZEMUELE.
  4301 | D:6      | Found an opulent altar of Gozag.
  4311 | D:6      | Reached skill level 1 in Armour
  4319 | D:6      | 4319 ||| Stepping ~*~*~tactically~*~*~ (outnumbered).
  4330 | D:6      | HP: 10/40 [gnoll/+0 spear (2)]
  4332 | D:6      | Reached XP level 8. HP: 9/45 MP: 10/10
  4335 | D:6      | HP: 4/45 [poisoned by a gnoll]
  4550 | D:6      | Found a blossoming altar of Fedhas.
  4654 | D:6      | Found an iron altar of Okawaru.
  4655 | D:6      | 4655 ||| PLANNING OKAWARU WORSHIP
  4655 | D:6      | 4655 ||| DROPPING amulet of magic regeneration.
  4656 | D:6      | 4656 ||| READING scroll labelled YSURAKKYPUO.
  4657 | D:6      | 4657 ||| DRINKING 2 glowing coppery potions.
  4657 | D:6      | Reached XP level 9. HP: 63/63 MP: 11/11
  4658 | D:6      | 4658 ||| DRINKING potion of experience.
  4658 | D:6      | Reached XP level 10. HP: 68/68 MP: 12/12
  4661 | D:6      | Became a worshipper of Warmaster Okawaru
  4662 | D:6      | 4662 ||| PLANNING D:1-11
  4913 | D:6      | Found a sparkling altar of Nemelex Xobeh.
  5111 | D:6      | 5111 ||| READING 3 scrolls of identify.
  5111 | D:6      | 5111 ||| IDENTIFYING viscous blue potion
  5112 | D:6      | 5112 ||| READING 2 scrolls of identify.
  5112 | D:6      | 5112 ||| IDENTIFYING fuming orange potion
  5113 | D:6      | 5113 ||| DROPPING potion of attraction.
  5309 | D:7      | HP: 14/68 [gnoll sergeant/+0 spear (9)]
  5310 | D:7      | 5310 ||| READING scroll of teleportation.
  5311 | D:7      | 5311 ||| DRINKING potion of heal wounds.
  5877 | D:7      | 5877 ||| READING scroll labelled NEASEF GAUC.
  5877 | D:7      | Identified a scroll of acquirement
  5877 | D:7      | 5877 ||| ACQUIRING +0 longbow of electrocution
  5877 | D:7      | Acquired a +0 longbow of electrocution
  5879 | D:7      | 5879 ||| SWAPPING to +0 longbow of electrocution.
  5880 | D:7      | 5880 ||| DROPPING +0 shortbow.
  5881 | D:7      | 5881 ||| READING 3 scrolls of identify.
  5881 | D:7      | 5881 ||| IDENTIFYING fizzy white potion
  5882 | D:7      | 5882 ||| READING 2 scrolls of identify.
  5882 | D:7      | 5882 ||| IDENTIFYING ruby potion
  5883 | D:7      | 5883 ||| DROPPING potion of berserk rage.
  5974 | D:8      | Reached skill level 13 in Ranged Weapons
  6106 | D:8      | 6106 ||| Stepping ~*~*~tactically~*~*~ (outnumbered).
  6108 | D:8      | 6108 ||| Stepping ~*~*~tactically~*~*~ (outnumbered).
  6131 | D:8      | Reached * piety under Okawaru
  6137 | D:8      | Found a sacrificial altar of Ru.
  6163 | D:8      | 6163 ||| INVOKING Heroism.
  6178 | D:8      | 6178 ||| FLEEEEING.
  6179 | D:8      | 6179 ||| FLEEEEING.
  6179 | D:8      | Noticed Grum
  6180 | D:8      | 6180 ||| INVOKING Heroism.
  6187 | D:8      | Killed Grum
  6200 | D:8      | 6200 ||| INVOKING Heroism.
  6201 | D:8      | HP: 16/68 [wolf[Grum] (4)]
  6305 | D:8      | 6305 ||| FLEEEEING.
  6306 | D:8      | 6306 ||| FLEEEEING.
  6389 | D:8      | Found Icorchay's Antique Armour Shoppe.
  6407 | D:8      | 6407 ||| BUYING runed robe (122 gold).
  6407 | D:8      | Bought a runed robe for 122 gold pieces
  6589 | D:8      | Reached skill level 14 in Ranged Weapons
  6589 | D:8      | 6589 ||| INVOKING Heroism.
  6595 | D:8      | Reached skill level 1 in Invocations
  6599 | D:8      | HP: 8/68 [yak (10)]
  6602 | D:8      | 6602 ||| INVOKING Heroism.
  6847 | D:8      | Found a runed translucent door.
  6849 | D:8      | Noticed qw's ghost (novice DEHu)
  6849 | D:8      | Noticed a centaur warrior
  6888 | D:8      | 6888 ||| INVOKING Heroism.
  6889 | D:8      | 6889 ||| Stepping ~*~*~tactically~*~*~ (outnumbered).
  6898 | D:8      | 6898 ||| Stepping ~*~*~tactically~*~*~ (cloud).
  7110 | D:8      | 7110 ||| INVOKING Heroism.
  7115 | D:8      | Reached XP level 11. HP: 38/73 MP: 12/15
  7234 | D:8      | Found a staircase to the Lair.
  7235 | D:8      | 7235 ||| INVOKING Heroism.
  7271 | D:8      | Reached skill level 3 in Invocations
  7396 | D:8      | 7396 ||| READING scroll of enchant armour.
  7396 | D:8      | 7396 ||| ENCHANTING +0 helmet.
  7489 | D:8      | 7489 ||| DROPPING +2 robe of willpower.
  7490 | D:8      | 7490 ||| PLANNING LAIR
  7490 | D:8      | 7490 ||| READING 2 scrolls of identify.
  7490 | D:8      | 7490 ||| IDENTIFYING sedimented brown potion
  7573 | Lair:1   | Entered Level 1 of the Lair of Beasts
  7594 | Lair:1   | 7594 ||| INVOKING Heroism.
  7678 | Lair:1   | 7678 ||| INVOKING Heroism.
  7925 | Lair:1   | Reached skill level 15 in Ranged Weapons
  7941 | Lair:1   | 7941 ||| INVOKING Heroism.
  7988 | Lair:1   | 7988 ||| INVOKING Heroism.
  8141 | Lair:1   | 8141 ||| FLEEEEING.
  8142 | Lair:1   | 8142 ||| FLEEEEING.
  8143 | Lair:1   | 8143 ||| FLEEEEING.
  8183 | Lair:1   | 8183 ||| FLEEEEING.
  8258 | Lair:1   | 8258 ||| INVOKING Heroism.
  8302 | Lair:1   | 8302 ||| INVOKING Heroism.
  8784 | Lair:1   | 8784 ||| READING 3 scrolls labelled OTYDAU YPITO.
  8785 | Lair:1   | 8785 ||| READING scroll labelled KIONGE REMIAPOUNAWK.
  8786 | Lair:1   | 8786 ||| READING 3 scrolls of identify.
  8786 | Lair:1   | 8786 ||| IDENTIFYING glowing ruby potion
  8787 | Lair:1   | 8787 ||| READING 2 scrolls of identify.
  8787 | Lair:1   | 8787 ||| IDENTIFYING smoky yellow potion
  8788 | Lair:1   | 8788 ||| DROPPING 2 scrolls of poison.
  8789 | Lair:1   | 8789 ||| DROPPING potion of invisibility.
  8790 | Lair:1   | 8790 ||| DROPPING potion of brilliance.
  8792 | Lair:1   | 8792 ||| Stepping ~*~*~tactically~*~*~ (cloud).
  9040 | Lair:2   | 9040 ||| INVOKING Heroism.
  9061 | Lair:2   | 9061 ||| INVOKING Heroism.
  9061 | Lair:2   | HP: 14/73 [black bear (5)]
  9062 | Lair:2   | 9062 ||| DRINKING potion of heal wounds.
  9066 | Lair:2   | Reached skill level 16 in Ranged Weapons
  9066 | Lair:2   | HP: 7/73 [wolf (4)]
  9066 | Lair:2   | HP: 1/73 [wolf (6)]
  9067 | Lair:2   | Demolished by a blink frog

Levels and vault maps discovered:
D:1:      nicolae_arrival_washed_ashore, layout_basic,
          hellmonk_ecumenical_altar_inner_sanctum
D:2:      layout_loops_cross, basic_altar, minmay_tetromino_o4
D:3:      layout_loops_cross, mainiacjoe_overflow_concentric_impassable,
          st_stairs_7, minmay_misc_feat_iff
D:4:      layout_layer_cave, evilmike_ruin_ashenzari, minmay_misc_feat_columns,
          uniq_sigmund
D:5:      layout_gridville, mainiacjoe_overflow_cross_hatched,
          kennysheep_mini_moat, minmay_temple_entry_mini_moons, serial_shops,
          nicolae_stop_n_shop_2
D:6:      layout_loops_cross, lemuel_crystal_altar, overflow_temple_1_default,
          mainiacjoe_overflow_catwalk, kennysheep_mini, minivault_27,
          st_stairs_5, kennysheep_generic_room_4
D:7:      layout_basic, nicolae_benzene_ring
D:8:      layout_gridville, hangedman_ru_absence, erik_lair_dragon,
          ebering_ghost_inner_flame, serial_shops, shop, uniq_grum
Temple:   nicolae_temple_bog_church
Lair:1:   layout_chaotic_city, serial_bayou_shore_a
Lair:2:   layout_regular_city

Skill      XL: |  1  2  3  4  5  6  7  8  9 10 11 |
---------------+----------------------------------+-----
Ranged Weapons | 6 7 8 9 10 12 14 16 | 16.0
Fighting       | 2 10 | 10.7
Dodging        | 3 11 | 11.5
Armour         | 1 |  1.1
Invocations    | 2 4 |  4.0
Stealth        | |  1.2

Action                     |  1- 3 |  4- 6 |  7- 9 | 10-12 || total
---------------------------+-------+-------+-------+-------++-------
   Fire: Shortbow          |   102 |   185 |    93 |   128 ||   508
         Longbow           |       |       |       |   251 ||   251
 Invoke: Heroism           |       |       |       |    16 ||    16
    Use: Scroll            |     3 |     4 |     4 |    12 ||    23
         Potion            |     1 |     3 |     3 |     2 ||     9
 Armour: Leather armour    |     8 |     5 |       |       ||    13
         Ring mail         |       |    37 |     5 |    45 ||    87
  Dodge: Dodged            |    14 |   127 |    49 |   332 ||   522

Table legend:
 A = Non-vault XP
 B = Vault XP
 C = Vault XP percentage of total XP
 D = Non-vault monster count
 E = Vault monster count
 F = Vault count percentage of total count
                 A         B        C        D         E       F
            +---------+---------+-------+---------+---------+-------
      Total |    9370 |    2034 |  17.8 |     181 |      18 |   9.0
            +---------+---------+-------+---------+---------+-------
        D:1 |      58 |       0 |   0.0 |      33 |       0 |   0.0
        D:2 |      71 |       9 |  11.2 |      16 |       3 |  15.8
        D:3 |      62 |       4 |   6.1 |      17 |       2 |  10.5
        D:4 |     314 |     226 |  41.9 |      22 |       1 |   4.3
        D:5 |     592 |       0 |   0.0 |      11 |       0 |   0.0
        D:6 |     226 |     283 |  55.6 |      14 |       3 |  17.6
        D:7 |     793 |       0 |   0.0 |      12 |       0 |   0.0
        D:8 |    3296 |    1512 |  31.4 |      36 |       9 |  20.0
     Lair:1 |    1999 |       0 |   0.0 |      10 |       0 |   0.0
     Lair:2 |    1959 |       0 |   0.0 |      10 |       0 |   0.0
            +---------+---------+-------+---------+---------+-------
